 Dungeon Crawl Stone Soup version 0.13-a0-1693-g8ac13c1 (console) character file.

2955 Kellhus the Basher (level 9, -4/63 HPs)
             Began as a Human Chaos Knight on June 20, 2013.
             Was a Plaything of Xom.
             Slain by a red devil (8 damage)
             ... on Level 1 of the Abyss.
             The game lasted 00:23:29 (10832 turns).

Kellhus the Basher (Human Chaos Knight)            Turns: 10832, Time: 00:23:30

HP  -4/63        AC  6     Str 15      XL: 9   Next: 87%
MP   9/9         EV 16     Int 12      God: Xom
Gold 389         SH  0     Dex 13      Spells:  0 memorised,  8 levels left

Res.Fire  : + . .   See Invis. : .   i - +2,+3 great mace (freeze)
Res.Cold  : . . .   Warding    : .   y - +3 orc leather armour {rF+}
Life Prot.: . . .   Conserve   : .   (no shield)
Res.Poison: .       Res.Corr.  : .   (no helmet)
Res.Elec. : .       Clarity    : .   (no cloak)
Sust.Abil.: . .     Spirit.Shd : .   (no gloves)
Res.Mut.  : .       Stasis     : .   (no boots)
Res.Rott. : .       Flight     : +   (no amulet)
Saprovore : . . .                    (no ring)
                                     u - cursed +5 ring of evasion

@: flying, slowed, very slow, slightly resistant to hostile enchantments,
unstealthy
A: blink 1, screaming 1, Str -1
a: Blink, Renounce Religion


You were on level 1 of the Abyss.
You worshipped Xom.
You were a favourite toy of Xom.
You were not hungry.

You visited 1 branch of the dungeon, and saw 7 of its levels.
You visited the Abyss 1 time.

You collected 369 gold pieces.

Inventory:

Hand weapons
 a - a +0,+0 mace of chaos
 b - a +0,+1 orcish flail
 i - a +2,+3 great mace of freezing (weapon)
 j - a +0,+0 orcish flail
 x - a +4,+0 elven dagger (quivered)
 D - a +0,+0 whip
 F - a cursed +1,+1 orcish mace
 I - a +4,+4 war axe of draining
Armour
 d - a +0 plate armour
 y - a +3 orcish leather armour of fire resistance (worn)
Magical devices
 C - a wand of polymorph (10) {unknown}
 G - a wand of magic darts (1)
 H - a wand of cold (11) {unknown}
Comestibles
 c - 2 bread rations
 v - 2 apples
 z - a rotting chunk of hound flesh
 A - a meat ration
 K - a pear
Scrolls
 f - a scroll of blinking
 n - a scroll of identify
 o - a scroll of magic mapping
 L - 5 scrolls of remove curse
Jewellery
 u - a cursed +5 ring of evasion (left hand)
Potions
 e - a potion of paralysis
 h - 2 potions of invisibility
 l - 3 potions of speed
 m - a potion of heal wounds {unknown}
 p - 4 potions of curing
 q - a potion of agility
 s - a potion of might {unknown}
 t - 2 potions of brilliance
 B - a potion of restore abilities
Books
 r - a Grand Grimoire {highlevel}

   This book is beyond your current level of understanding.

   Spells                             Type                      Level
   Demonic Horde                      Summoning                    6
   Mass Abjuration                    Summoning                    6
   Haunt                              Necromancy/Summoning         7
   Summon Greater Demon               Summoning                    7
   Malign Gateway                     Summoning/Translocation      7
   Summon Horrible Things             Summoning                    8


   Skills:
 - Level 3.0 Fighting
 + Level 12.5 Maces & Flails
 - Level 2.0 Armour
 - Level 1.0 Dodging


You had 8 spell levels left.
You didn't know any spells.

Dungeon Overview and Level Annotations

Branches:
Dungeon (7/27)             Temple (0/1) D:4
    Orc: D:6-11

Altars:
Fedhas
Trog

Shops:
D:4: %

Annotations
D:2 exclusion: oklob plant


Innate Abilities, Weirdness & Mutations

You can translocate small distances at will.
[You occasionally shout uncontrollably.]
[You are weak (Str -1).]


Message History

Press: ? - help, v - describe, . - travel
Here: a red devil The floor.
Drink which item? (? for menu, Esc to quit)
It has a very clean taste.
You feel robust.
Your thinking seems confused.
It was a potion of cure mutation.
The red devil hits you but does no damage.
Drink which item? (? for menu, Esc to quit)
Okay, then.
Drink which item? (? for menu, Esc to quit)
You feel yourself slow down.
It was a potion of slowing.
The orange demon misses you. The red devil closely misses you.
A shout rips itself from your throat!
Drink which item? (? for menu, Esc to quit)
You feel very buoyant.
You fly up into the air.
It was a potion of flight.
The orange demon misses you. The red devil misses you. The red devil hits you!
You die...
Xom snickers!

### ###.# ##..4##
. #.4#.# .#
###@##.# ..#
#.##..# .######
####.##
.#......###.#.##
.. ## . #.. ..#
##.#....#.....#44.
.. .# ##.## ##
##4. . . #### .##
...# .# .# ..
#.ยง.


You could see an orange demon and a red devil.

Vanquished Creatures
  A necrophage (D:7)
  2 ice beasts
  2 orc warriors
  2 sky beasts
  A small abomination (Abyss:1)
  2 phantoms
  2 ogres
  3 giant frogs
  A centaur (D:5)
  A big kobold (D:6)
  Blork the orc (D:4)
  5 wights
  A quasit (D:7)
  3 crimson imps
  3 hounds
  4 orc priests
  2 big fish (D:2)
  A hound skeleton (D:4)
  An iguana (D:7)
  6 orc wizards
  A scorpion (D:5)
  6 worker ants
  A worker ant zombie (D:6)
  A jelly (D:6)
  4 gnolls (D:4)
  11 adders
  An adder skeleton (D:4)
  An adder zombie (D:5)
  A giant mite (D:1)
  6 worms
  A bat skeleton (D:4)
  4 giant geckos
  25 orcs
  An orc (shapeshifter) (D:4)
  2 ball pythons
  14 bats
  18 hobgoblins
  9 jackals
  15 kobolds
  6 quokkas
  7 giant cockroaches
  9 giant newts
  A giant spore (D:6)
  A goblin (shapeshifter) (D:4)
  15 goblins
  2 hobgoblin skeletons
  A kobold zombie (D:5)
  16 rats
  31 ballistomycetes (D:6)
  A toadstool (D:2)
256 creatures vanquished.

Vanquished Creatures (others)
  A wizard (D:5)
  An orc (D:3)
  A kobold (D:6)
  A giant spore (D:6)
  6 toadstools (D:2)
10 creatures vanquished.

Grand Total: 266 creatures vanquished

Notes
Turn   | Place    | Note
--------------------------------------------------------------
     0 | D:1      | Kellhus, the Human Chaos Knight, began the quest for the Orb.
     0 | D:1      | Reached XP level 1. HP: 16/16 MP: 1/1
    60 | D:1      | Reached XP level 2. HP: 22/22 MP: 2/2
   119 | D:1      | XOM: divination: detect creatures
   386 | D:1      | Reached skill level 4 in Maces & Flails
   386 | D:1      | Reached XP level 3. HP: 28/28 MP: 3/3
   418 | D:1      | XOM: noise
   445 | D:1      | XOM: divination: detect items
   546 | D:1      | XOM: harmless Erth miscast
   644 | D:1      | XOM: harmless Erth miscast
   718 | D:1      | XOM: silly message
   925 | D:1      | XOM: silly message
  1158 | D:1      | Reached XP level 4. HP: 25/34 MP: 4/4
  1458 | D:2      | Found a blossoming altar of Fedhas.
  1470 | D:2      | XOM: silly message
  1480 | D:2      | Noticed an oklob plant
  1562 | D:2      | XOM: harmless Conj miscast
  1747 | D:2      | Reached skill level 5 in Maces & Flails
  1808 | D:2      | Reached XP level 5. HP: 21/39 MP: 5/5
  2654 | D:3      | XOM: silly message
  2710 | D:3      | XOM: noise
  3093 | D:3      | XOM: give mutations
  3093 | D:3      | Gained mutation: [You occasionally shout uncontrollably.] [Xom's mischief]
  3093 | D:3      | Gained mutation: You cover ground slowly. [Xom's mischief]
  3093 | D:3      | Lost mutation: You cover ground slowly. [Xom's mischief]
  3093 | D:3      | Lost mutation: [You occasionally shout uncontrollably.] [Xom's mischief]
  3095 | D:3      | Reached skill level 6 in Maces & Flails
  3095 | D:3      | Reached XP level 6. HP: 22/46 MP: 6/6
  3523 | D:3      | XOM: mild Erth miscast
  3651 | D:3      | XOM: stat loss: -1 Str (14/15)
  3780 | D:4      | Reached skill level 7 in Maces & Flails
  3877 | D:4      | XOM: noise
  4066 | D:4      | XOM: polymorph adder -> goblin
  4199 | D:4      | XOM: potion effect (invisibility)
  4207 | D:4      | Reached XP level 7. HP: 51/51 MP: 7/7
  4221 | D:4      | Noticed Blork the orc
  4223 | D:4      | XOM: potion effect (berserk)
  4229 | D:4      | Killed Blork the orc
  4252 | D:4      | XOM: harmless Hex miscast
  4260 | D:4      | XOM: harmless Tloc miscast
  4306 | D:4      | XOM is BORED!
  4306 | D:4      | XOM: harmless Fire miscast
  4458 | D:4      | XOM: silly message
  4491 | D:4      | Reached skill level 8 in Maces & Flails
  4540 | D:4      | XOM is BORED!
  4540 | D:4      | XOM: harmless Pois miscast
  4719 | D:4      | XOM: harmless Fire miscast
  4827 | D:4      | Found Waaqabbu's Food Boutique.
  4865 | D:4      | XOM: harmless Pois miscast
  4931 | D:4      | Found a staircase to the Ecumenical Temple.
  5234 | D:5      | Entered Level 5 of the Dungeon
  5567 | D:5      | Reached XP level 8. HP: 47/58 MP: 8/8
  5671 | D:5      | XOM: harmless Erth miscast
  5693 | D:5      | XOM: mild Chrm miscast
  5694 | D:5      | XOM: cast spell 'Olgreb's Toxic Radiance'
  5707 | D:5      | Reached skill level 9 in Maces & Flails
  5921 | D:4      | XOM: polymorph orc -> grey rat
  6108 | D:4      | XOM: god gift: 13 gold pieces
  6426 | D:5      | XOM: scenery: 1 doors close
  6454 | D:5      | XOM: enchant monster (good)
  6577 | D:5      | XOM: divination: detect items
  6614 | D:5      | Found a bloodstained altar of Trog.
  6614 | D:5      | Noticed a wizard
  6620 | D:5      | Killed a wizard
  6983 | D:6      | XOM: medium Fire miscast
  6999 | D:6      | XOM: noise
  7192 | D:6      | XOM: divination: magic mapping
  7359 | D:6      | Reached skill level 10 in Maces & Flails
  7444 | D:6      | XOM: harmless Tloc miscast
  7488 | D:6      | XOM: harmless Summ miscast
  7652 | D:6      | XOM: enchant monster (good)
  7665 | D:6      | XOM: noise
  7666 | D:6      | XOM: harmless Necr miscast
  7671 | D:6      | XOM: confusion
  7686 | D:6      | XOM: cast spell 'Poison Weapon'
  7688 | D:6      | XOM: harmless Necr miscast
  7713 | D:6      | Reached XP level 9. HP: 19/63 MP: 9/9
  7728 | D:6      | XOM: summons friendly iron imp
  8095 | D:6      | XOM: 1-stop teleportation journey
  8160 | D:5      | XOM: colour smoke trail
  8404 | D:5      | XOM: mild Divn miscast
  8414 | D:5      | Reached XP level 8. HP: 28/58 MP: 8/8
  8453 | D:5      | XOM: swap weapons
  8646 | D:5      | XOM: divination: detect creatures
  8671 | D:5      | XOM: give mutations
  8671 | D:5      | Gained mutation: You can translocate small distances at will. [Xom's mischief]
  8671 | D:5      | Gained mutation: You possess an exceptional clarity of mind. [Xom's mischief]
  8671 | D:5      | Gained mutation: You are frail (-10% HP). [Xom's mischief]
  8830 | D:5      | XOM: cast spell 'Confusing Touch'
  8836 | D:5      | Reached skill level 11 in Maces & Flails
  8934 | D:6      | Reached XP level 9. HP: 52/56 MP: 9/9
  9382 | D:6      | XOM: noise
  9499 | D:6      | XOM: severe Chrm miscast
  9549 | D:6      | XOM: vitrification
  9801 | D:7      | XOM: polymorph orc -> giant gecko
  9898 | D:7      | Reached skill level 12 in Maces & Flails
 10179 | D:7      | XOM: cast spell 'Blink'
 10335 | D:7      | XOM: mild Chrm miscast
 10678 | D:7      | XOM is BORED!
 10678 | D:7      | XOM: medium Tloc miscast
 10678 | D:7      | Cast into the Abyss (the severe capriciousness of Xom)
 10753 | Abyss:1  | Noticed a large abomination
 10760 | Abyss:1  | Noticed a wretched star
 10764 | Abyss:1  | Noticed a hellwing
 10819 | Abyss:1  | Noticed a hellwing
 10820 | Abyss:1  | Noticed an orange demon
 10820 | Abyss:1  | Noticed a sixfirhy
 10829 | Abyss:1  | Noticed a red devil
 10829 | Abyss:1  | a sixfirhy changed into a red devil
 10829 | Abyss:1  | XOM: polymorph sixfirhy -> red devil
 10830 | Abyss:1  | Lost mutation: You are frail (-10% HP). [potion of cure mutation]
 10830 | Abyss:1  | Lost mutation: You possess an exceptional clarity of mind. [potion of cure mutation]
 10832 | Abyss:1  | Slain by a red devil

Action                   |  1- 3 |  4- 6 |  7- 9 || total
-------------------------+-------+-------+-------++-------
Melee: Mace              |    86 |   331 |   460 ||   877
       Whip              |       |    13 |       ||    13
       Great mace        |       |       |   211 ||   211
Evoke: Wand              |       |       |     7 ||     7
  Use: Scroll            |       |       |    20 ||    20
       Potion            |       |       |     5 ||     5
 Stab: Paralysed         |     1 |       |       ||     1
       Confused          |     1 |     1 |       ||     2
       Invisible         |       |     2 |     1 ||     3
